 Dungeon Crawl Stone Soup version 0.17.0-27-g4a3f43e (webtiles) character file.

350 DeXoteric the Cudgeler (level 6, -4/51 HPs)
             Began as a Formicid Fighter on Nov 21, 2015.
             Was an Initiate of Yredelemnul.
             Killed by divine providence
             ... invoked by an orc priest
              (14 damage)
             ... on level 4 of the Dungeon.
             The game lasted 00:13:49 (3364 turns).

DeXoteric the Cudgeler (Formicid Fighter)           Turns: 3364, Time: 00:13:49

Health: -4/51      AC: 10    Str: 21    XL:     6   Next: 92%
Magic:  6/6        EV:  7    Int:  7    God:    Yredelemnul [......]
Gold:   171        SH:  5    Dex: 14    Spells: 0 memorised, 5 levels left

rFire  . . .     SeeInvis +     a - +0 flail
rCold  . . .     Clarity  .     y - +0 chain mail
rNeg   . . .     SustAt   .     z - +0 buckler
rPois  .         Gourm    .     (helmet unavailable)
rElec  .         Spirit   .     (no cloak)
rCorr  .         Warding  .     (no gloves)
rMut   .         Stasis   +     l - +0 pair of boots
MR     .....                    (no amulet)
Stlth  ..........               (no ring)
                                o - +2 ring of dexterity

@: not resistant to hostile enchantments, extremely unstealthy
A: permanent stasis, dig shafts and tunnels, four strong arms, antennae 3
a: Dig, Shaft Self, Renounce Religion


You were on level 4 of the Dungeon.
You worshipped Yredelemnul.
Yredelemnul was noncommittal.
You were hungry.

You visited 1 branch of the dungeon, and saw 4 of its levels.

You collected 171 gold pieces.

Inventory:

Hand Weapons
 a - a +0 flail (weapon)
Armour
 b - a +0 scale mail
 c - a +0 shield
 l - a +0 pair of boots (worn)
 y - a +0 chain mail (worn)
 z - a +0 buckler (worn)
Jewellery
 o - a +2 ring of dexterity (left hand)
Scrolls
 h - 5 scrolls of remove curse {unknown}
 i - 2 scrolls of identify {unknown}
 k - 2 scrolls of enchant armour {unknown}
 q - 2 scrolls of immolation {unknown}
 r - a scroll of teleportation {unknown}
 s - a scroll of noise {unknown}
 u - 2 scrolls of fog {unknown}
 w - a scroll of magic mapping {unknown}
Potions
 d - a potion of might
 f - 2 potions of curing {unknown}
 g - a potion of haste {unknown}
 m - 2 potions of flight {unknown}
 n - a potion of heal wounds {unknown}
 p - a potion of mutation {unknown}
 t - 3 potions of poison {unknown}
 x - a potion of ambrosia {unknown}
Comestibles
 e - 3 bread rations
 j - 2 beef jerkies
 v - 2 meat rations


   Skills:
 + Level 5.0 Fighting
 * Level 5.2 Maces & Flails
 - Level 3.2 Armour
 + Level 4.8 Shields


You had 5 spell levels left.
You didn't know any spells.

Dungeon Overview and Level Annotations

Branches:
Dungeon (4/15)
 Temple: D:4-7

Altars:
Cheibriados
Elyvilon
Nemelex Xobeh
Yredelemnul


Innate Abilities, Weirdness & Mutations

You are under a permanent stasis effect.
You can dig through walls and to a lower floor.
Your four strong arms can wield two-handed weapons with a shield.
You have a pair of large antennae on your head (SInv).


Message History

The orc priest hits you with a flail of protection.
* * * LOW HITPOINT WARNING * * *
The orc hits you but does no damage.
You sock the orc!
You kill the orc!
Yredelemnul accepts your kill.
Your Fighting skill increases to level 5!
Drink which item? (? for menu, Esc to quit)
Okay, then.
Read which item? (? for menu, Esc to quit)
Okay, then.
The orc wizard gestures at you while chanting.
You block the puff of flame. The orc wizard casts a spell at you.
The puff of flame hits you!
* * * LOW HITPOINT WARNING * * *
The orc priest invokes the aid of Beogh against you.
Something smites you!
You die...
Your body rises from the dead as a mindless zombie.

###..# ....# #Zo.#
#...# ###
#####...####.# ...
.............#
#############%####
...#.............#
##.#.#####.#####a#
...#.# #.oo....#
####.# #########
.....# ######


You could see an orc priest and an orc wizard (invisible).

Vanquished Creatures
  2 orc priests (D:3)
  An orc wizard (D:3)
  A worker ant (D:4)
  10 adders
  A gnoll (D:1)
  An ooze (D:3)
  4 worms
  5 giant geckos
  12 orcs
  A ball python (D:1)
  3 giant cockroaches
  9 hobgoblins
  4 kobolds
  2 quokkas
  8 bats
  2 giant newts
  17 goblins
  11 jackals
  A quokka skeleton (D:4)
  9 rats
104 creatures vanquished.

Notes
Turn   | Place    | Note
--------------------------------------------------------------
     0 | D:1      | DeXoteric the Formicid Fighter began the quest for the Orb.
     0 | D:1      | Reached XP level 1. HP: 18/18 MP: 1/1
   280 | D:1      | Reached XP level 2. HP: 24/24 MP: 2/2
   517 | D:1      | Reached XP level 3. HP: 30/30 MP: 3/3
   999 | D:1      | Reached skill level 4 in Shields
  1149 | D:2      | Reached XP level 4. HP: 37/37 MP: 4/4
  1467 | D:2      | Found a white marble altar of Elyvilon.
  1467 | D:2      | Found a snail-covered altar of Cheibriados.
  1686 | D:2      | Reached XP level 5. HP: 37/42 MP: 5/5
  1833 | D:2      | Found a sparkling altar of Nemelex Xobeh.
  2261 | D:3      | Found a basalt altar of Yredelemnul.
  2279 | D:3      | Became a worshipper of Yredelemnul the Dark
  2399 | D:3      | Reached XP level 6. HP: 48/48 MP: 6/6
  2662 | D:3      | Reached skill level 5 in Maces & Flails
  3360 | D:4      | Reached skill level 5 in Fighting
  3364 | D:4      | Killed from afar by an orc priest

Action                   |  1- 3 |  4- 6 || total
-------------------------+-------+-------++-------
Melee: Flail             |   117 |   251 ||   368
 Abil: Dig               |       |     1 ||     1
  Eat: Chunk             |     1 |     7 ||     8
